General information
- name: BNet
- type: Ladder 1vs1/FFA
- host: Battle.net
- saver: sprt.0
map: CentaurGrove
- players: 2
- length: 91:03
- speed: Fast
- version: 1.24 W3XP
- replay type: Public
» download(294 KB)
Players
team 1 (winner)
sprt.0 (
pink | 77 APM | 6983 actions | 91:03)
8 Archmage
3 Blizzard
3 Brilliance Aura
1 Mass Teleport
1 Summon Water Elemental
8 Blood Mage
3 Flame Strike
3 Banish
1 Summon Phoenix
1 Siphon Mana
6 Paladin
2 Holy Light
3 Divine Shield
1 Resurrection
» actions
| Assign group hotkey | 103 | |
| Basic commands | 375 | |
| Build / train | 197 | |
| ESC pressed | 3 | |
| Enter build submenu | 74 | |
| Enter hero's abilities submenu | 23 | |
| Give item / drop item | 5 | |
| Right click | 3386 | |
| Select / deselect | 1181 | |
| Select group hotkey | 1047 | |
| Use ability | 589 | |
6983 total
» units
| Peasant | 59 | |
| Flying Machine | 11 | |
| Sorceress | 2 | |
| Mortar Team | 5 | |
| Knight | 5 | |
| Razormane Medicine Man | 2 | |
| Goblin Shredder | 2 | |
| Siege Engine | 3 | |
| Goblin Zeppelin | 2 | |
| Dragonhawk Rider | 2 | |
93 total
» upgrades
| Sorceress Training | 1 | |
| Magic Sentry | 1 | |
| Gunpowder | 3 | |
| Plating | 3 | |
| Animal War Training | 1 | |
| Fragmentation Shards | 1 | |
| Swords | 3 | |
| Flare | 1 | |
| Flak Cannons | 1 | |
| Barrage | 1 | |
| Flying Machine Bombs | 1 | |
17 total
» buildings
| Altar of Kings | 1 | |
| Farm | 13 | |
| Arcane Vault | 2 | |
| Lumber Mill | 1 | |
| Scout Tower | 41 | |
| Arcane Tower | 12 | |
| Guard Tower | 11 | |
| Town Hall | 5 | |
| Keep | 2 | |
| Blacksmith | 1 | |
| Arcane Sanctum | 1 | |
| Workshop | 4 | |
| Gryphon Aviary | 3 | |
| Barracks | 2 | |
| Castle | 1 | |
100 total
» build order
00:06 Altar of Kings
00:24 Farm
00:35 Arcane Vault
00:43 Farm
01:10 Lumber Mill
01:28 Scout Tower
02:07 Arcane Tower
02:19 Scout Tower
02:20 Scout Tower
02:21 Scout Tower
02:58 Guard Tower
03:19 Guard Tower
03:22 Scout Tower
03:23 Scout Tower
03:46 Guard Tower
04:16 Town Hall
04:26 Farm
05:10 Guard Tower
05:31 Scout Tower
05:48 Scout Tower
05:53 Scout Tower
05:58 Scout Tower
06:03 Arcane Tower
06:09 Guard Tower
07:27 Guard Tower
07:29 Scout Tower
07:29 Scout Tower
08:02 Scout Tower
08:03 Scout Tower
08:07 Keep
08:09 Guard Tower
08:26 Scout Tower
08:37 Guard Tower
08:43 Scout Tower
08:47 Arcane Tower
09:01 Arcane Tower
09:27 Blacksmith
10:03 Guard Tower
10:34 Arcane Sanctum
10:45 Workshop
10:47 Workshop
11:02 Farm
11:02 Farm
11:09 Farm
11:21 Farm
11:21 Farm
11:23 Farm
11:23 Farm
12:06 Scout Tower
12:06 Scout Tower
12:09 Scout Tower
12:09 Scout Tower
12:10 Scout Tower
14:46 Keep
19:17 Gryphon Aviary
19:20 Barracks
19:21 Barracks
19:23 Castle
20:04 Town Hall
25:35 Scout Tower
25:36 Scout Tower
27:08 Scout Tower
27:13 Scout Tower
27:13 Scout Tower
27:52 Arcane Tower
27:53 Arcane Tower
27:55 Arcane Tower
31:55 Town Hall
32:11 Scout Tower
32:13 Scout Tower
32:14 Scout Tower
33:18 Arcane Tower
33:36 Scout Tower
34:19 Arcane Tower
34:31 Arcane Tower
35:12 Arcane Vault
41:35 Workshop
41:38 Workshop
43:28 Town Hall
44:45 Scout Tower
44:46 Scout Tower
44:47 Scout Tower
44:48 Scout Tower
45:50 Arcane Tower
51:42 Farm
55:22 Scout Tower
56:39 Arcane Tower
57:48 Gryphon Aviary
57:49 Gryphon Aviary
63:32 Town Hall
74:31 Farm
74:31 Farm
76:27 Scout Tower
76:28 Scout Tower
76:29 Scout Tower
76:30 Scout Tower
76:31 Scout Tower
76:32 Scout Tower
80:13 Guard Tower
81:34 Guard Tower
» items
| Scroll of Regeneration | 9 | |
| Lesser Clarity Potion | 1 | |
| Mechanical Critter | 6 | |
| Potion of Healing | 4 | |
| Scroll of Town Portal | 6 | |
| Staff of Sanctuary | 3 | |
| Orb of Fire | 1 | |
| Periapt of Vitality | 1 | |
| Boots of Speed | 1 | |
| Scroll of Healing | 1 | |
33 total
team 2 (loser)
srt (
orange | 52 APM | 4756 actions | 91:02)
8 Goblin Tinker
3 Pocket Factory
3 Engineering Upgrade
1 Cluster Rockets
1 Robo-Goblin
6 Pandaren Brewmaster
3 Breath of Fire
2 Drunken Haze
1 Storm Earth and Fire
1 Keeper of the Grove
1 Entangling Roots
» actions
| Basic commands | 145 | |
| Build / train | 210 | |
| Enter build submenu | 74 | |
| Enter hero's abilities submenu | 15 | |
| Give item / drop item | 15 | |
| Remove unit from queue | 4 | |
| Right click | 2234 | |
| Select / deselect | 1643 | |
| Use ability | 416 | |
4756 total
» units
| Wisp | 68 | |
| Archer | 41 | |
| Razormane Medicine Man | 2 | |
| Glaive Thrower | 2 | |
| Goblin Shredder | 2 | |
| Goblin Zeppelin | 6 | |
| Hippogryph | 16 | |
| Harpy Windwitch | 1 | |
138 total
» upgrades
| Improved Bows | 1 | |
| Strength of the Moon | 3 | |
| Sentinel | 1 | |
| Vorpal Blades | 1 | |
| Ultravision | 1 | |
| Nature's Blessing | 1 | |
| Reinforced Hides | 2 | |
| Strength of the Wild | 2 | |
| Hippogryph Taming | 1 | |
| Well Spring | 1 | |
| Marksmanship | 1 | |
15 total
» buildings
| Ancient of War | 6 | |
| Moon Well | 19 | |
| Altar of Elders | 3 | |
| Tree of Life | 9 | |
| Tree of Ages | 4 | |
| Hunter's Hall | 2 | |
| Ancient Protector | 43 | |
| Ancient of Wonders | 2 | |
| Ancient of Wind | 1 | |
| Tree of Eternity | 1 | |
90 total
» build order
00:19 Ancient of War
00:32 Moon Well
01:25 Altar of Elders
01:33 Moon Well
02:29 Ancient of War
03:20 Moon Well
03:46 Moon Well
04:38 Tree of Life
05:43 Tree of Ages
08:19 Ancient of War
16:08 Tree of Life
16:27 Hunter's Hall
17:39 Ancient Protector
17:40 Ancient Protector
17:40 Ancient Protector
18:00 Tree of Life
19:07 Tree of Life
19:11 Tree of Life
21:13 Ancient Protector
21:13 Ancient Protector
21:14 Ancient Protector
21:42 Ancient Protector
21:42 Ancient Protector
21:42 Ancient Protector
21:43 Ancient Protector
23:11 Ancient Protector
23:11 Ancient Protector
23:12 Ancient Protector
23:12 Ancient Protector
23:13 Ancient Protector
23:14 Ancient Protector
24:14 Ancient Protector
24:14 Ancient Protector
24:14 Ancient Protector
25:19 Tree of Life
25:40 Moon Well
26:22 Ancient Protector
28:14 Tree of Ages
30:40 Ancient Protector
30:40 Ancient Protector
30:43 Ancient Protector
36:36 Tree of Ages
37:34 Tree of Life
37:52 Ancient of Wonders
40:23 Tree of Ages
42:05 Moon Well
42:06 Moon Well
42:07 Moon Well
42:08 Moon Well
43:27 Altar of Elders
43:42 Hunter's Hall
44:42 Ancient of Wonders
44:57 Ancient of Wind
45:17 Moon Well
45:57 Tree of Eternity
46:09 Ancient of War
47:34 Ancient of War
51:20 Ancient of War
52:03 Moon Well
52:06 Ancient Protector
52:08 Ancient Protector
52:24 Moon Well
53:51 Ancient Protector
53:53 Ancient Protector
53:53 Ancient Protector
53:59 Ancient Protector
54:17 Moon Well
54:38 Ancient Protector
54:40 Ancient Protector
55:31 Altar of Elders
55:46 Ancient Protector
55:47 Ancient Protector
56:19 Tree of Life
57:20 Ancient Protector
59:42 Ancient Protector
59:43 Ancient Protector
61:55 Ancient Protector
61:57 Ancient Protector
62:49 Ancient Protector
65:55 Ancient Protector
68:48 Ancient Protector
68:49 Ancient Protector
71:40 Tree of Life
80:01 Moon Well
80:12 Moon Well
80:53 Moon Well
81:04 Moon Well
81:56 Moon Well
82:12 Moon Well
» items
| Boots of Speed | 5 | |
| Potion of Invisibility | 3 | |
| Potion of Lesser Invulnerability | 2 | |
| Scroll of Healing | 6 | |
| Staff of Teleportation | 2 | |
| Scroll of Town Portal | 2 | |
| Staff of Preservation | 2 | |
| Orb of Venom | 1 | |
| Tome of Retraining | 1 | |
24 total
Chat log
(00:06 / All) srt: hi
(00:10 / All) srt: hf
(00:16 / All) sprt.0: ?
(01:04 / All) srt: sec
(01:09 / All) srt: phone
(57:33 / All) sprt.0: perching as night elf?
(80:02 / All) srt: lol
(80:03 / All) srt: hf
(80:09 / All) sprt.0: have been :)
(89:51 / All) sprt.0: spent all ur gold on mercs?
(90:02 / All) srt: gg
(90:05 / All) sprt.0: gee gee
(90:08 / All) srt: i abuse u noob
(90:09 / All) sprt.0: was fun
(90:11 / All) sprt.0: sure you did
(90:18 / All) sprt.0: you lost, tell yourself whatever you want
(90:34 / All) sprt.0: Im much better at perching than u